 Dungeon Crawl Stone Soup version 0.29-a0-322-g68df515428 (webtiles) character file.

Game seed: 16599757101749851460

9 dreadwin the Skirmisher (level 2, -1/27 HPs)
             Began as a Hill Orc Fighter on Apr 7, 2022.
             Slain by a hobgoblin (4 damage)
             ... on level 1 of the Dungeon.
             The game lasted 00:01:24 (502 turns).

dreadwin the Skirmisher (Hill Orc Fighter)           Turns: 502, Time: 00:01:25

Health: -1/27      AC:  6    Str: 18    XL:     2   Next: 12%
Magic:  2/2        EV:  6    Int:  8    God:
Gold:   14         SH:  4    Dex: 10    Spells: 1/1 levels left

rFire   . . .      SeeInvis .   a - +0 long sword
rCold   . . .      Faith    .   c - +0 buckler
rNeg    . . .      Spirit   .   b - +0 scale mail
rPois   .          Reflect  .   (no helmet)
rElec   .          Harm     .   (no cloak)
rCorr   .          Rampage  .   (no gloves)
Will    .....                   (no boots)
Stlth   ..........              (no amulet)
HPRegen 0.09/turn               (no ring)
MPRegen 0.08/turn               (no ring)

@: mighty, constricted
A: no striking features
a: no special abilities


You were on level 1 of the Dungeon.
You visited 1 branch of the dungeon, and saw 1 of its levels.

You collected 14 gold pieces.

Inventory:

Hand Weapons
 a - a +0 long sword (weapon)
Armour
 b - a +0 scale mail (worn)
 c - a +0 buckler (worn)
Scrolls
 f - a scroll of teleportation {unknown}
Potions
 e - a potion of curing {unknown}
 g - a potion of lignification


   Skills:
 + Level 3.8 Fighting
 + Level 2.2 Long Blades
 + Level 3.5 Armour
 + Level 3.5 Shields


You had one spell level left.
You didn't know any spells.
Your spell library was empty.

Dungeon Overview and Level Annotations

Branches:
Dungeon (1/15)

Altars:

Shops:
D:1 ??[


Message History

You block the ball python's attack. The rat bites you but does no damage.
The hobgoblin closely misses you.
You slash the ball python!
You kill the ball python!
The ball python bites you but does no damage.
The ball python grabs you. The ball python constricts you.
The rat bites you but does no damage. The hobgoblin barely misses you.
The ball python barely misses you. The ball python constricts you.
You barely miss the goblin.
The ball python bites you but does no damage.
The ball python constricts you. The goblin hits you with a +0 dagger.
The rat barely misses you. The hobgoblin hits you. The rat barely misses you.
The goblin hits you but does no damage. The ball python bites you.
* * * LOW HITPOINT WARNING * * *
The ball python constricts you. The hobgoblin barely misses you.
You feel very mighty all of a sudden.
The ball python bites you but does no damage.
The ball python constricts you. The goblin hits you with a +0 dagger.
* * * LOW HITPOINT WARNING * * *
The rat bites you but does no damage.
The hobgoblin hits you but does no damage.
You barely miss the goblin. You block the ball python's attack.
The ball python constricts you. The hobgoblin hits you.
* * * LOW HITPOINT WARNING * * *
The rat bites you but does no damage. The goblin hits you with a +0 dagger.
* * * LOW HITPOINT WARNING * * *
You hit the goblin.
The goblin is heavily wounded.
The ball python bites you but does no damage.
The ball python constricts you. The goblin hits you but does no damage.
The rat bites you but does no damage. The hobgoblin barely misses you.
The ball python bites you but does no damage.
The ball python constricts you.
You closely miss the goblin.
The goblin is heavily wounded.
The ball python bites you but does no damage.
The ball python constricts you. The goblin hits you with a +0 dagger.
* * * LOW HITPOINT WARNING * * *
The rat bites you but does no damage. The hobgoblin hits you.
You die...

..........## ...........#
...........# #.†.......8# #####
#..........# #.PPP# #.........∩#
#..⌠P##### #..........# #.PP
#.<####
#.........>#########.#####..'..#
#####.........BS@#...#...##'##.#
#.........8....rgg.#.'.♣.#..# #
#................###.#...'.##
#................###.#######
#.................##..
#.........).......##..
#...>........∩....###########
#...........................#
#.........÷>................#


You could see a giant cockroach, a hobgoblin, a goblin, a ball python and a rat.

Vanquished Creatures
  2 endoplasms (D:1)
  A giant cockroach (D:1)
  A quokka (D:1)
  A ball python (D:1)
  A bat (D:1)
  3 frilled lizards (D:1)
9 creatures vanquished.

Notes
Turn   | Place    | Note
-------+----------+-------------------------------------------
     0 | D:1      | dreadwin the Hill Orc Fighter began the quest for the Orb.
     0 | D:1      | Reached XP level 1. HP: 19/19 MP: 1/1
    18 | D:1      | Found Fahask's Armour Emporium.
    24 | D:1      | Found Ilyerriff's Magic Scroll Emporium.
   220 | D:1      | Found Ileereirch's Magic Scroll Emporium.
   418 | D:1      | Reached XP level 2. HP: 27/27 MP: 2/2
   502 | D:1      | Slain by a hobgoblin

Illustrated notes

Levels and vault maps discovered:
D:1:      sevenhm_arrival_forest_fort_small_3, layout_basic, serial_shops,
          nicolae_shop_window_shopping, shop, shop, shop, shop_statue,
          hangedman_decor_lopped, minmay_surrounded

Action                   || total
-------------------------++-------
Melee: Long sword        ||    39
  Use: Potion            ||     2
Armor: Scale mail        ||    57
Dodge: Dodged            ||    79
Block: Buckler           ||    25

Table legend: (Time is in decaauts)
 A = Elapsed time spent in this place.
 B = Non-inter-level travel time spent in this place.
 C = Inter-level travel time spent in this place.
 D = Time resting spent in this place.
 E = Time spent auto-exploring this place.
 F = Levels seen in this place.
 G = Mean time per level.
                   A        B        C        D        E       F      G
               +--------+--------+--------+--------+--------+-----+--------+
         Total |    514 |    514 |      0 |      0 |    327 |   1 |  514.0 |
       Dungeon |    514 |    514 |      0 |      0 |    327 |   1 |  514.0 |
               +--------+--------+--------+--------+--------+-----+--------+

Top non-repeatable levels by time:
     D:1: 514 daAuts
